 Dungeon Crawl Stone Soup version 0.21.1-1-g345015fe64 (webtiles) character file.

572 Kohma the Spear-Bearer (level 7, -2/55 HPs)
             Began as a Merfolk Gladiator on June 9, 2018.
             Was a Follower of the Shining One.
             Slain by a hornet (6 damage)
             ... on level 6 of the Dungeon.
             The game lasted 00:18:11 (4169 turns).

Kohma the Spear-Bearer (Merfolk Gladiator)          Turns: 4169, Time: 00:18:12

Health: -2/55      AC:  4    Str: 14    XL:     7   Next: 34%
Magic:  7/7        EV: 16    Int:  8    God:    the Shining One [*.....]
Gold:   230        SH:  0    Dex: 17    Spells: 6/6 levels left

rFire    . . .     SeeInvis .   l - +0 halberd
rCold    . . .     Gourm    +   (shield currently unavailable)
rNeg     + . .     Faith    .   t - +0 leather armour {rN+}
rPois    .         Spirit   .   c - +0 helmet
rElec    .         Reflect  .   (no cloak)
rCorr    .         Harm     .   (no gloves)
MR       .....                  (no boots)
Stlth    +.........             i - amulet of the gourmand
HPRegen  0.18/turn              (no ring)
MPRegen  0.10/turn              (no ring)

@: lethally poisoned (-2 -> -14), slowed, glowing, very slow
A: change form in water, swift swim, stealthy swim
a: Renounce Religion


You were on level 6 of the Dungeon.
You worshipped the Shining One.
The Shining One was aware of your devotion.
You were not hungry.

You visited 1 branch of the dungeon, and saw 6 of its levels.

You collected 230 gold pieces.

Inventory:

Hand Weapons
 l - a +0 halberd (weapon)
 o - a +0 dire flail of holy wrath
Missiles
 d - 2 throwing nets (quivered)
Armour
 c - a +0 helmet (worn)
 j - a +0 shield
 t - a +0 leather armour of positive energy (worn)
Jewellery
 i - an amulet of the gourmand (around neck)
Wands
 h - a wand of polymorph (7)
Scrolls
 a - 2 scrolls of identify
 p - 3 scrolls of remove curse
Potions
 b - a potion of ambrosia
 e - 2 potions of lignification
 g - a potion of curing
 k - a potion of heal wounds {unknown}
 m - a potion of agility {unknown}
 n - a potion of haste
 q - a potion of mutation {unknown}
 r - a potion of brilliance {unknown}
 s - a potion of magic {unknown}
 u - a potion of berserk rage {unknown}
Comestibles
 f - 5 rations


   Skills:
 + Level 4.6 Fighting
 * Level 8.8 Polearms
 - Level 2.1 Throwing
 + Level 6.3 Dodging


You had 6 spell levels left.
You didn't know any spells.

Dungeon Overview and Level Annotations

Branches:
Dungeon (6/15)
 Temple: D:4-7

Altars:
Gozag
Ru
Vehumet
Wu Jian
The Shining One


Message History

The hornet is heavily wounded.
You feel sick. The hornet barely misses you. The hornet completely misses you.
The hornet stings you!
You feel as though you will be slow longer.
You barely miss the hornet.
The hornet is heavily wounded.
The hornet closely misses you. The hornet misses you.
You slash the hornet!
The hornet is almost dead.
You feel sick. The hornet stings you!
* * * LOW HITPOINT WARNING * * *
You are lethally poisoned!
You feel as though you will be slow longer.
The hornet stings you.
* * * LOW HITPOINT WARNING * * *
You feel as though you will be slow longer.
Okay, then.
* * * LOW HITPOINT WARNING * * *
You feel sick. The hornet stings you.
You die...

###.#####.# #.#
#######.#####.#
#.........y...#
#.#####.#######
#.# #.# #y# #@#
#.# #># #.# ..#
###


You could see a hornet.

Vanquished Creatures
  Edmund (D:4)
  A scorpion (D:4)
  A crimson imp (D:6)
  A quasit (D:3)
  2 orc priests (D:4)
  2 hounds (D:4)
  An orc wizard (D:3)
  2 worker ants
  3 gnolls (D:3)
  3 adders
  2 worms (D:2)
  A dart slug (D:1)
  2 leopard geckos
  10 orcs
  5 bats
  3 giant cockroaches
  7 goblins
  8 hobgoblins
  A quokka (D:3)
  A ball python (D:1)
  5 frilled lizards
  A jackal skeleton (D:4)
  10 kobolds
  8 rats
81 creatures vanquished.

Notes
Turn   | Place    | Note
-------+----------+-------------------------------------------
     0 | D:1      | Kohma the Merfolk Gladiator began the quest for the Orb.
     0 | D:1      | Reached XP level 1. HP: 16/16 MP: 1/1
   601 | D:1      | Reached XP level 2. HP: 23/23 MP: 2/2
   943 | D:2      | Reached skill level 5 in Polearms
   943 | D:2      | Reached XP level 3. HP: 24/28 MP: 3/3
  1287 | D:2      | Found a glowing golden altar of the Shining One.
  1299 | D:2      | Became a worshipper of the Shining One
  1733 | D:2      | Found an ornate altar of the Wu Jian Council.
  1923 | D:2      | Reached XP level 4. HP: 35/35 MP: 4/4
  2423 | D:3      | Found an opulent altar of Gozag.
  2467 | D:3      | Found a sacrificial altar of Ru.
  2580 | D:3      | Reached skill level 6 in Polearms
  2580 | D:3      | Reached skill level 5 in Dodging
  2580 | D:3      | Reached XP level 5. HP: 29/41 MP: 5/5
  3388 | D:4      | Reached skill level 7 in Polearms
  3388 | D:4      | Reached XP level 6. HP: 48/48 MP: 6/6
  3390 | D:4      | Noticed Edmund
  3390 | D:4      | Reached * piety under the Shining One
  3410 | D:4      | Killed Edmund
  3413 | D:4      | Reached skill level 8 in Polearms
  3419 | D:5      | Entered Level 5 of the Dungeon
  3425 | D:5      | Found a radiant altar of Vehumet.
  3683 | D:4      | Reached XP level 7. HP: 30/55 MP: 7/7
  4159 | D:6      | Noticed a hornet
  4169 | D:6      | Slain by a hornet

Skill      XL: |  1  2  3  4  5  6 |
---------------+-------------------+-----
Polearms       | 5 6 7 8 |  8.8
Fighting       | 3 4 |  4.6
Dodging        | 5 6 |  6.3
Throwing       | |  2.1

Action                   |  1- 3 |  4- 6 |  7- 9 || total
-------------------------+-------+-------+-------++-------
Melee: Trident           |   104 |    47 |       ||   151
       Glaive            |       |    50 |       ||    50
       Halberd           |       |    51 |    27 ||    78
Throw: Throwing net      |     1 |       |       ||     1
  Use: Scroll            |     3 |     6 |     1 ||    10
  Eat: Chunk             |     7 |     4 |       ||    11
       Ration            |     1 |       |       ||     1
Armor: Leather armour    |    18 |    29 |     4 ||    51
Dodge: Dodged            |    39 |    95 |    16 ||   150
